 Dungeon Crawl Stone Soup version 0.31.0-11-ge490571c62 (webtiles) character file.

Game seed: 6654752959033389842

82 stipulation the Grave Robber (level 4, 0/21 HPs)
             Began as a Vine Stalker Necromancer on Jan 29, 2024.
             Slain by an iguana (8 damage)
             ... on level 3 of the Dungeon.
             The game lasted 00:02:36 (2689 turns).

stipulation the Grave Robber (VSNe)                 Turns: 2689, Time: 00:02:36

Health: 0/21       AC:  2    Str: 11    XL:     4   Next: 43%
Magic:  0/10       EV: 12    Int: 17    God:
Gold:   139        SH:  0    Dex: 14    Spells: 2/10 levels left

rFire   . . .        j - +0 short sword
rCold   . . .        (no shield)
rNeg    . . .        a - +0 robe
rPois   .            (no helmet)
rElec   .            (no cloak)
rCorr   .            (no gloves)
SInv    .            (no boots)
Will    .....        (no amulet)
Stlth   ++           (no ring)
HPRegen 1.03/turn    (no ring)
MPRegen 0.12/turn

%: guardian spirit
@: no status effects
A: fangs 2, regeneration 1, magic shield, antimagic bite, no potion heal 2
a: no special abilities


You were on level 3 of the Dungeon.
You visited 1 branch of the dungeon, and saw 4 of its levels.

You collected 161 gold pieces.
You spent 22 gold pieces at shops.

Inventory:

Hand Weapons
 j - a +0 short sword (weapon)
Armour
 a - a +0 robe (worn)
 k - an orb of wrath
Wands
 l - a wand of digging (1)
 q - a wand of flame (22)
Scrolls
 d - 4 scrolls of teleportation {unknown}
 g - 2 scrolls of identify
 m - a scroll of butterflies {unknown}
 n - a scroll of enchant armour {unknown}
 r - 2 scrolls of revelation {unknown}
 s - a scroll of enchant weapon {unknown}
Potions
 b - a potion of magic
 c - a potion of haste {unknown}
 e - 2 potions of cancellation {unknown}
 f - 3 potions of attraction {unknown}
 h - a potion of resistance {unknown}
 i - a potion of berserk rage {unknown}
 o - a potion of curing {unknown}
 p - a potion of brilliance {unknown}


   Skills:
 - Level 1.5 Dodging
 - Level 2.4 Stealth
 + Level 3.6 Spellcasting
 + Level 4.9 Necromancy


You had 2 spell levels left.
You knew the following spells:

 Your Spells              Type           Power      Damage    Failure   Level
a - Necrotise             Necr           80%        1d8       2%          1
b - Vampiric Draining     Necr           20%        2d7       6%          3
c - Animate Dead          Necr           20%        N/A       22%         4

Your spell library contained the following spells:

 Spells                   Type           Power      Damage    Failure   Level
 Kiss of Death            Conj/Necr      44%        2d8       6%          1
 Freeze                   Ice            12%        1d3       17%         1
 Sandblast                Erth           6%         2d5       17%         1
 Dispel Undead            Necr           20%        3d11      22%         4
 Confusing Touch          Hex            3%         N/A       45%         3
 Curse of Agony           Necr           20%        N/A       52%         5
 Borgnjor's Vile Clutch   Necr/Erth      5%         N/A       86%         5
 Death Channel            Necr           10%        N/A       97%         6
 Sculpt Simulacrum        Ice/Alch       1%         N/A       100%        6


Dungeon Overview and Level Annotations

Branches:
Dungeon (4/15)
 Temple: D:4-7

Altars:
Gozag

Shops:
D:1 ?


Innate Abilities, Weirdness & Mutations

You have extremely sharp teeth.
Your natural rate of healing is unusually fast.
When hurt, damage is shared between your health and your magic reserves.
Your bite disrupts and absorbs the magic of your enemies.
Potions cannot restore your health.


Message History

You hit the quokka.
You kill the quokka!
Done exploring.
Done exploring.
Done exploring.
This spell is quite dangerous to cast!
You start memorising the spell.
You continue memorising. x3
You finish memorising.
Spell assigned to 'b'.
This spell is astonishingly dangerous to cast!
You start memorising the spell.
You continue memorising. x4
You finish memorising.
Spell assigned to 'c'.
You can't memorise that many levels of magic yet!
Unknown command.
Done exploring.
Done exploring.
There is a stone staircase leading up here.
There is a stone staircase leading down here.
You climb downwards.
There is a stone staircase leading up here.
An adder comes into view.
An adder is nearby!
An adder is nearby!
An iguana and a hobgoblin come into view.
The iguana hisses angrily.
The hobgoblin shouts!
The adder hisses angrily.
The iguana attacks as it pursues you! The iguana bites you.
The iguana attacks as it pursues you! The iguana bites you.
There is a stone staircase leading up here.
The iguana barely misses you.
You climb upwards.
There is a stone staircase leading down here.
You hit the iguana but do no damage. The iguana bites you.
You hit the iguana but do no damage. Your bite misses the iguana.
The iguana bites you!
You hit the iguana.
The iguana is lightly wounded.
The iguana bites you.
You barely miss the iguana. You bite the iguana, but do no damage.
The iguana is lightly wounded.
The iguana bites you!
You die...

........#######.#.###.#.#.# #.#
...........# #.#.#...#.#.#####.#
##.........# #.#.#.#.#.#.......#
...........# #.#.###)#.#########
##.........# #.#...).#.#.......#
##.........# #.#######.#.#####.#
#.........## #.........#.....#.#
#.........###############.......#
#......>..##...l@......<...#..###
#.........##.###############..###
#.........##.# #.....
#.........##.# #.####
..........##.# #.# .............#
#.#
.............###############.#
......................)......#
#............####################


You could see an iguana.

Vanquished Creatures
  2 adders
  2 dart slugs
  7 orcs (D:3)
  5 ball pythons
  6 endoplasms
  3 giant cockroaches
  3 goblins (D:1)
  5 hobgoblins
  A kobold (D:1)
  3 quokkas (D:3)
  2 bats
  2 frilled lizards
  5 rats
46 creatures vanquished.

Vanquished Creatures (collateral kills)
  An endoplasm (D:3)
  A quokka (D:3)
2 creatures vanquished.

Grand Total: 48 creatures vanquished

Notes
Turn   | Place    | Note
-------+----------+-------------------------------------------
     0 | D:1      | stipulation the Vine Stalker Necromancer began the quest
                  | for the Orb.
     0 | D:1      | Reached XP level 1. HP: 9/9 MP: 4/4
   491 | D:1      | Reached XP level 2. HP: 13/13 MP: 3/6
   550 | D:1      | Found Wiph's Magic Scroll Emporium.
   554 | D:1      | Bought a scroll of identify for 22 gold pieces
  1206 | D:2      | Reached XP level 3. HP: 12/16 MP: 0/8
  1819 | D:3      | Reached XP level 4. HP: 20/21 MP: 8/10
  1827 | D:3      | Found an opulent altar of Gozag.
  1946 | D:3      | Got the Verses on the Flinty Winter
  2639 | D:3      | Learned a level 3 spell: Vampiric Draining
  2644 | D:3      | Learned a level 4 spell: Animate Dead
  2689 | D:3      | Slain by an iguana

Illustrated notes

Levels and vault maps discovered:
D:1:      wander_arrival_abandoned_jail, layout_rooms, serial_shops,
          nicolae_diamond_shop, serial_aquarium, aquarium_bridge_long_separate
          [aquarium_subvault_balcony, aquarium_subvault_bridge,
          aquarium_subvault_bridge, aquarium_subvault_bridge,
          aquarium_subvault_bridge, aquarium_subvault_wall],
          aquarium_window_corner, aquarium_window_1, aquarium_view_2g,
          aquarium_pool_five, minmay_door_square, dreamdust_princess_corridor,
          bh_walls_and_bars
D:2:      layout_rooms
D:3:      layout_basic, grunt_gozag_statues, grunt_ministairs_1
D:4:      layout_loops_ring, lemuel_coloured_pillars_altar, uniq_natasha

Skill      XL: |  1  2 |
---------------+-------+-----
Spellcasting   | 3 |  3.6
Dodging        | |  1.5
Stealth        | |  2.4
Necromancy     | |  4.9

Action                     |  1- 3 |  4- 6 || total
---------------------------+-------+-------++-------
  Melee: Unarmed           |     3 |       ||     3
         Short sword       |    44 |    38 ||    82
         Bite              |    16 |    10 ||    26
   Cast: Necrotise         |    38 |    10 ||    48
   Stab: Sleeping          |       |     1 ||     1
 Armour: Robe              |    30 |    19 ||    49
  Dodge: Dodged            |    37 |    20 ||    57
